 Dungeon Crawl Stone Soup version 0.32-a0-128-g77eb882913 (webtiles) character file.

Game seed: 5137289409614197879

1159 BubbleThief the Poker (level 8, -3/65 HPs)
             Began as a Demonspawn Cinder Acolyte on Feb 8, 2024.
             Was a High Priest of Ignis.
             Slain by an orc priest
             ... wielding a +0 trident
              (7 damage)
             ... on level 5 of the Dungeon.
             The game lasted 00:08:30 (4558 turns).

BubbleThief the Poker (Demonspawn Cinder Acolyte)   Turns: 4558, Time: 00:08:30

Health: -3/65      AC:  4    Str: 16    XL:     8   Next: 16%
Magic:  2/9        EV: 11    Int: 16    God:    Ignis [*****.]
Gold:   254        SH:  0    Dex:  6    Spells: 7/9 levels left

rFire   + . .        a - -1 spear (flame)
rCold   . . .        (no shield)
rNeg    . . .        b - +0 robe
rPois   .            l - +0 helmet
rElec   +            n - +0 cloak
rCorr   .            (no gloves)
SInv    .            (no boots)
Will    .....        (no amulet)
Stlth   +            (no ring)
HPRegen 0.30/turn    (no ring)
MPRegen 0.11/turn

%: no passive effects
@: very slightly contaminated
A: ignite blood 1, demonic magic 2, clumsy 1, electricity resistance
a: Renounce Religion, Fiery Armour, Foxfire Swarm, Rising Flame


You were on level 5 of the Dungeon.
You worshipped Ignis.
Ignis was extremely pleased with you.
You visited 1 branch of the dungeon, and saw 5 of its levels.

You collected 254 gold pieces.

Inventory:

Hand Weapons
 a - a -1 spear of flaming (weapon)
Armour
 b - a +0 robe (worn)
 l - a +0 helmet (worn)
 n - a +0 cloak (worn)
Wands
 j - a wand of paralysis (11)
Scrolls
 c - a scroll of amnesia {unknown}
 e - a scroll of revelation {unknown}
 f - 2 scrolls of immolation
 g - a scroll of identify {unknown}
 h - a scroll of fog {unknown}
 i - 2 scrolls of vulnerability {unknown}
 k - 2 scrolls of noise {unknown}
 o - a scroll of enchant weapon {unknown}
Potions
 d - 3 potions of degeneration
 m - 2 potions of lignification


   Skills:
 + Level 6.4 Fighting
 * Level 7.7 Polearms
 - Level 1.0 Spellcasting
 - Level 2.6 Fire Magic


You had 7 spell levels left.
You knew the following spells:

 Your Spells              Type           Power      Damage    Failure   Level
a - Scorch                Fire           18%        2d5       12%         2

Your spell library contained the following spells:

 Spells                   Type           Power      Damage    Failure   Level
 Ensorcelled Hibernation  Hex/Ice        0%         N/A       34%         2
 Inner Flame              Hex/Fire       5%         N/A       36%         3
 Summon Mana Viper        Hex/Summ       0%         N/A       99%         5
 Disjunction              Tloc           0%         N/A       100%        8


Dungeon Overview and Level Annotations

Branches:
Dungeon (5/15)
 Temple: D:4-7

Altars:
Cheibriados
Dithmenos
Kikubaaqudgha
Makhleb
Nemelex Xobeh
Sif Muna
Vehumet


Innate Abilities, Weirdness & Mutations

Your demonic aura sometimes causes spilled blood to erupt in flames.
Spells you cast may paralyse nearby enemies.
You are clumsy. (Dex -2)
You are resistant to electric shocks. (rElec)


Message History

You kill the orc wizard!
The iguana bites you! The iguana attacks as it pursues you!
The iguana bites you! The iguana attacks as it pursues you!
The iguana closely misses you.
You hit the iguana but do no damage. The iguana bites you!
You hit the iguana. You burn the iguana.
The iguana is heavily wounded.
Unknown command.
You hit the iguana. You burn the iguana.
The iguana is heavily wounded.
The orc priest calls down the wrath of Beogh upon you.
You struggle to resist.
The iguana bites you!
Unknown command.
You hit the iguana. You burn the iguana.
The iguana is almost dead.
The iguana bites you!
* * * LOW HITPOINT WARNING * * *
Unknown command.
Casting: Scorch (safe; 12% risk of failure)
Confirm with . or Enter, or press ? or * to list all spells.
You miscast Scorch.
You are very lightly contaminated with residual magic.
Nothing appears to happen.
The orc priest invokes the aid of Beogh against you.
Pain shoots through your body!
* * * LOW HITPOINT WARNING * * *
The iguana bites you but does no damage.
You hit the iguana. You burn the iguana.
You kill the iguana!
The orc priest closely misses you.
Unknown command.
Okay, then.
Okay, then.
Aiming: Paralyse
Press: ? - help, Shift-Dir - straight line, f - orc priest
Aim: an orc priest, wielding a +0 trident (chance to affect: 49%)
The orc priest resists with some effort.
The orc priest hits you from afar with a +0 trident!
You die...
Ignis goes out, and joins you in death.

....#####...........#
........+............
#...#####............
....# ###..........#
....###............#
....#......##o######
...........##.#
...........##.#########+
...........##.o.@°......
................#°......
............#.#.#.......
....#.......#...........
....##..................
.##.. ..................
. ..................#..
...............#..
...............


You could see an orc priest.

Vanquished Creatures
  Pikel (D:3)
  A black bear (D:4)
  2 lemures (D:3)
  A scorpion (D:4)
  A hound (D:4)
  2 jellies (D:5)
  A bombardier beetle (D:4)
  An orc priest (D:4)
  4 iguanas
  4 orc wizards
  9 adders
  A shadow imp (D:5)
  A dart slug (D:1)
  A ribbon worm (D:3)
  14 orcs
  9 ball pythons
  5 bats
  9 endoplasms
  2 giant cockroaches (D:3)
  7 hobgoblins
  4 jackals (D:1)
  6 kobolds
  2 quokkas
  4 frilled lizards
  6 goblins
  7 rats
105 creatures vanquished.

Notes
Turn   | Place    | Note
-------+----------+-------------------------------------------
     0 | D:1      | BubbleThief the Demonspawn Cinder Acolyte began the quest
                  | for the Orb.
     0 | D:1      | Reached XP level 1. HP: 18/18 MP: 2/2
   118 | D:1      | Reached skill level 3 in Polearms
   128 | D:1      | Gained mutation: Spells you cast may paralyse adjacent
                  | enemies. [demonic ancestry]
   128 | D:1      | Reached XP level 2. HP: 13/24 MP: 3/3
   280 | D:1      | Learned a level 2 spell: Scorch
   510 | D:1      | Gained mutation: Spells you cast may paralyse nearby
                  | enemies. [demonic ancestry]
   510 | D:1      | Reached XP level 3. HP: 29/29 MP: 4/4
  1125 | D:2      | Reached XP level 4. HP: 37/37 MP: 2/5
  1127 | D:2      | Reached skill level 4 in Polearms
  1849 | D:3      | Found a radiant altar of Vehumet.
  1853 | D:3      | Found a snail-covered altar of Cheibriados.
  1854 | D:3      | Found a shimmering blue altar of Sif Muna.
  1856 | D:3      | Found a shadowy altar of Dithmenos.
  1858 | D:3      | Found an ancient bone altar of Kikubaaqudgha.
  1985 | D:3      | Gained mutation: Your demonic aura sometimes causes spilled
                  | blood to erupt in flames. [demonic ancestry]
  1985 | D:3      | Reached XP level 5. HP: 16/42 MP: 1/6
  2414 | D:3      | Found a burning altar of Makhleb.
  2524 | D:3      | Found a sparkling altar of Nemelex Xobeh.
  2770 | D:3      | Found a faded altar of an unknown god.
  2896 | D:3      | Got Zoraubb's Elucidation of the Beguiling Blink Frog
  3163 | D:4      | Reached skill level 5 in Polearms
  3416 | D:4      | Reached XP level 6. HP: 38/49 MP: 2/7
  3629 | D:4      | Noticed Pikel
  3750 | D:3      | Gained mutation: You are clumsy. (Dex -2) [potion of
                  | mutation]
  3750 | D:3      | Gained mutation: You are resistant to electric shocks.
                  | (rElec) [potion of mutation]
  3770 | D:3      | Killed Pikel
  3771 | D:3      | Reached skill level 5 in Fighting
  3771 | D:3      | Reached skill level 6 in Polearms
  3771 | D:3      | Reached XP level 7. HP: 13/57 MP: 0/8
  4008 | D:4      | Reached skill level 7 in Polearms
  4280 | D:4      | Reached XP level 8. HP: 61/64 MP: 3/9
  4416 | D:5      | Entered Level 5 of the Dungeon
  4556 | D:5      | HP: 3/65 [orc priest/nerve-wracking pain (9)]
  4558 | D:5      | Slain by an orc priest

Illustrated notes

Levels and vault maps discovered:
D:1:      evilmike_arrival_rings, layout_basic
D:2:      layout_basic
D:3:      layout_basic, nemelex_dance_club_becter, bloody_makhleb, minitemple,
          hellmonk_ecumenical_altar_blasted
D:4:      layout_basic, uniq_pikel
D:5:      layout_basic, minmay_temple_entry_fiery, serial_demonic,
          serial_demonic_g, serial_demonic_e, serial_demonic_d,
          serial_demonic_b, minmay_manual_mess

Skill      XL: |  1  2  3  4  5  6  7 |
---------------+----------------------+-----
Polearms       | 3 4 5 6 7 |  7.7
Fighting       | 4 5 6 |  6.4
Spellcasting   | |  1.0
Fire Magic     | |  2.6

Action                     |  1- 3 |  4- 6 |  7- 9 || total
---------------------------+-------+-------+-------++-------
  Melee: Spear             |   127 |   176 |    68 ||   371
         Punch             |     5 |     9 |     1 ||    15
   Cast: Scorch            |    10 |    31 |    15 ||    56
  Evoke: Wand              |       |       |     1 ||     1
    Use: Scroll            |       |     1 |       ||     1
         Potion            |       |     4 |       ||     4
   Stab: Paralysed         |     6 |    33 |    26 ||    65
         Sleeping          |       |     1 |       ||     1
 Armour: Robe              |    51 |    73 |    22 ||   146
         Skin              |       |     9 |       ||     9
  Dodge: Dodged            |    57 |    59 |    13 ||   129

Table legend: (Time is in decaauts)
 A = Elapsed time spent in this place.
 B = Non-inter-level travel time spent in this place.
 C = Inter-level travel time spent in this place.
 D = Time resting spent in this place.
 E = Time spent auto-exploring this place.
 F = Levels seen in this place.
 G = Mean time per level.
                   A        B        C        D        E       F      G
               +--------+--------+--------+--------+--------+-----+--------+
         Total |   4510 |   4378 |    132 |    229 |   3373 |   5 |  902.0 |
       Dungeon |   4510 |   4378 |    132 |    229 |   3373 |   5 |  902.0 |
               +--------+--------+--------+--------+--------+-----+--------+

Top non-repeatable levels by time:
     D:3: 1672 daAuts
     D:4: 1027 daAuts
     D:1: 891 daAuts
     D:2: 783 daAuts
     D:5: 134 daAuts
